 Dungeon Crawl Stone Soup version 0.19.5 (webtiles) character file.

4384 Rrauwl the Cleaver (level 10, 0/91 HPs)
             Began as a Hill Orc Fighter on Mar 11, 2017.
             Was a Priest of Vehumet.
             Slain by Gastronok (7 damage)
             ... on level 9 of the Dungeon.
             The game lasted 00:42:19 (7893 turns).

Rrauwl the Cleaver (Hill Orc Fighter)               Turns: 7893, Time: 00:42:19

Health: 0/91       AC: 12    Str: 20 (21) XL:     10   Next: 35%
Magic:  0/13       EV: 10    Int: 10      God:    Vehumet [***...]
Gold:   317        SH: 14    Dex: 13      Spells: 1 memorised, 11 levels left

rFire  . . .     SeeInvis .     a - +1 war axe
rCold  . . .     Gourm    .     g - +1 ring mail
rNeg   . . .     Faith    .     c - +0 shield
rPois  .         Spirit   +     k - +0 helmet
rElec  .         Reflect  .     (no cloak)
rCorr  .         Harm     .     l - +2 pair of gloves
MR     .....                    (no boots)
Stlth  +.........               j - amulet of guardian spirit
                                (no ring)
                                F - +3 ring of dexterity

@: no status effects
A: talons 1, large bone plates 1, deterioration 1
a: Renounce Religion


You were on level 9 of the Dungeon.
You worshipped Vehumet.
Vehumet was most pleased with you.
You were not hungry.

You visited 2 branches of the dungeon, and saw 10 of its levels.

You collected 317 gold pieces.

Inventory:

Hand Weapons
 a - a +1 war axe (weapon)
 x - a +2 flail of venom
Armour
 c - a +0 shield (worn)
 g - a +1 ring mail (worn)
 k - a +0 helmet (worn)
 l - a +2 pair of gloves (worn)
 v - a +0 scale mail of cold resistance
Magical Staves
 A - an uncursed staff of power
Jewellery
 j - an amulet of guardian spirit (around neck)
 F - a +3 ring of dexterity (left hand)
Wands
 n - a wand of acid (6/15)
 o - a wand of acid (0/15)
 r - a wand of digging (18/24)
 t - a wand of teleportation (6/9)
 y - a wand of lightning (11/15)
 D - a wand of confusion (18/48)
Scrolls
 b - 3 scrolls of teleportation
 e - 3 scrolls of identify
 i - 6 scrolls of remove curse
 m - 2 scrolls of blinking
 p - a scroll of magic mapping
 s - 2 scrolls of enchant weapon
 u - 2 scrolls of immolation
 z - 2 scrolls of amnesia
Potions
 d - 2 potions of brilliance
 h - 3 potions of curing
Books
 B - a book of Changes

   Spells                             Type                      Level
   a - Beastly Appendage              Transmutation                1
   b - Sticks to Snakes               Transmutation                2
   c - Spider Form                    Transmutation/Poison         3
   d - Ice Form                       Ice/Transmutation            4
   e - Blade Hands                    Transmutation                5
 C - a book of Cantrips

   Spells                             Type                      Level
   a - Confusing Touch                Hexes                        1
   b - Animate Skeleton               Necromancy                   1
   c - Summon Small Mammal            Summoning                    1
   d - Apportation                    Translocation                1
Comestibles
 f - 3 bread rations
 q - 2 meat rations
 w - 2 fruits
 E - a chunk of flesh


   Skills:
 + Level 9.5 Fighting
 + Level 10.1 Axes
 - Level 8.0 Armour
 - Level 3.0 Dodging
 - Level 6.1 Shields
 - Level 2.0 Spellcasting
 + Level 1.4 Conjurations
 + Level 1.3 Fire Magic
 - Level 3.2 Evocations


You had 11 spell levels left.
You knew the following spells:

 Your Spells              Type           Power        Failure   Level  Hunger
a - Throw Flame           Conj/Fire      #.....       58%         2    ###....


Dungeon Overview and Level Annotations

Branches:
Dungeon (9/15)             Temple (1/1) D:5
   Lair: D:8-11         Orc: D:9-12

Altars:
Ashenzari
Cheibriados
Dithmenos
Elyvilon
Fedhas
Gozag
Hepliaklqana
Kikubaaqudgha
Makhleb
Nemelex Xobeh
Okawaru
Qazlal
Ru
Sif Muna
Trog
Uskayaw
Vehumet
Xom
Yredelemnul
Zin
The Shining One

Annotations:
D:7 Prince Ribbit
D:9 Gastronok


Innate Abilities, Weirdness & Mutations

You have sharp toenails.
You are partially covered in large bone plates. (SH +4)
Your body sometimes deteriorates upon taking damage.


Message History

Gastronok is severely wounded.
You slash Gastronok!
Gastronok is severely wounded.
Gastronok bites you!!
* * * LOW HITPOINT WARNING * * *
Evoke which item? (* to show all) (? for menu, Esc to quit)
Zapping:
D - a wand of confusion (will waste charges)
Press: ? - help, Shift-Dir - straight line, f - Gastronok
Aim: Gastronok, wearing a runed hat (severely wounded, chance to defeat MR: 9%) Gastronok resists with almost no effort.
Evoking this partially-identified wand wasted a few charges.
Evoke which item? (* to show all) (? for menu, Esc to quit)
Zapping:
y - a wand of lightning (12/15)
Press: ? - help, Shift-Dir - straight line, f/p - Gastronok
Aim: Gastronok, wearing a runed hat (severely wounded)
You hear a mighty clap of thunder!
The bolt of lightning hits Gastronok.
Gastronok is severely wounded.
This wand has 11 charges left.
Gastronok bites you!
You die...

#.........#......
#+###...######.....# #..
#...#........... #..
#...#........... #..
#...#........... #..
#...#........... #..
#...#...........
#####..###+########.....
#.....w@................
#.....(.................
#.......................
#.......................
########################


You could see Gastronok.

Vanquished Creatures
  A hippogriff (D:8)
  A hungry ghost (D:7)
  5 orc warriors
  2 sky beasts
  An ice beast (D:5)
  A black bear (D:9)
  8 centaurs
  4 ogres
  3 bullfrogs
  A big kobold (D:7)
  A gnoll sergeant (D:8)
  3 scorpions
  3 wights (D:7)
  6 howler monkeys
  9 crimson imps
  A centaur zombie (D:5)
  5 hounds
  5 orc priests
  A bullfrog zombie (D:8)
  2 jellies
  A bullfrog skeleton (D:5)
  5 orc wizards
  3 iguanas
  8 worker ants
  2 hound zombies (D:7)
  3 worker ant zombies
  4 gnolls (D:8)
  2 howler monkey skeletons (D:5)
  7 adders
  An adder skeleton (D:6)
  2 worms
  3 dart slugs
  5 leopard geckos
  24 orcs
  A ball python (D:2)
  4 bats
  8 giant cockroaches
  6 goblins
  10 hobgoblins
  12 jackals
  4 quokkas
  5 frilled lizards
  3 hobgoblin zombies (D:4)
  7 kobolds
  2 kobold zombies (D:4)
  A leopard gecko skeleton (D:8)
  An orc skeleton (D:4)
  2 orc zombies (D:4)
  A quokka skeleton (D:4)
  7 rats
207 creatures vanquished.

Notes
Turn   | Place    | Note
-------+----------+-------------------------------------------
     0 | D:1      | Rrauwl the Hill Orc Fighter began the quest for the Orb.
     0 | D:1      | Reached XP level 1. HP: 19/19 MP: 1/1
    80 | D:1      | Reached XP level 2. HP: 23/27 MP: 2/2
   131 | D:1      | Reached skill level 3 in Axes
   195 | D:1      | Reached XP level 3. HP: 29/33 MP: 3/3
   774 | D:2      | Reached skill level 1 in Dodging
   774 | D:2      | Reached XP level 4. HP: 36/40 MP: 4/4
   947 | D:2      | Gained mutation: You are partially covered in large bone plates. (SH +4) [potion of mutation]
   947 | D:2      | Gained mutation: You have sharp toenails. [potion of mutation]
   947 | D:2      | Gained mutation: Your body sometimes deteriorates upon taking damage. [potion of mutation]
  1194 | D:3      | Reached XP level 5. HP: 16/46 MP: 3/6
  1470 | D:3      | Reached skill level 1 in Spellcasting
  1700 | D:3      | Reached skill level 4 in Axes
  2417 | D:4      | Noticed an ogre
  2422 | D:4      | Killed an ogre
  2422 | D:4      | Reached XP level 6. HP: 53/53 MP: 6/8
  2736 | D:4      | Found a glowing golden altar of the Shining One.
  2790 | D:4      | Reached skill level 5 in Fighting
  2790 | D:4      | Reached XP level 7. HP: 56/61 MP: 9/9
  3229 | D:5      | Entered Level 5 of the Dungeon
  3308 | D:5      | Reached skill level 5 in Axes
  3339 | D:5      | Reached skill level 5 in Shields
  3632 | D:5      | Reached skill level 1 in Evocations
  3733 | D:5      | Found a staircase to the Ecumenical Temple.
  3742 | Temple   | Entered the Ecumenical Temple
  3831 | Temple   | Became a worshipper of Vehumet
  3858 | D:5      | Reached skill level 5 in Armour
  3858 | D:5      | Reached XP level 8. HP: 65/69 MP: 9/11
  4572 | D:6      | Reached skill level 6 in Axes
  4900 | D:6      | Reached * piety under Vehumet
  4900 | D:6      | Offered knowledge of Freeze by Vehumet.
  5315 | D:7      | Reached XP level 9. HP: 78/78 MP: 12/12
  5340 | D:7      | Reached skill level 7 in Axes
  5905 | D:7      | Offered knowledge of Throw Frost by Vehumet.
  5907 | D:7      | Noticed Prince Ribbit
  5920 | D:7      | Reached ** piety under Vehumet
  5930 | D:7      | Reached skill level 8 in Axes
  6638 | D:8      | Reached skill level 9 in Axes
  6706 | D:8      | Reached XP level 10. HP: 81/90 MP: 13/13
  6766 | D:8      | Offered knowledge of Throw Flame by Vehumet.
  7155 | D:8      | Reached *** piety under Vehumet
  7180 | D:8      | Learned a level 2 spell: Throw Flame
  7645 | D:9      | Reached skill level 1 in Conjurations
  7645 | D:9      | Reached skill level 1 in Fire Magic
  7783 | D:9      | Reached skill level 10 in Axes
  7868 | D:9      | Noticed Gastronok
  7893 | D:9      | Slain by Gastronok

Skill      XL: |  1  2  3  4  5  6  7  8  9 10 |
---------------+-------------------------------+-----
Axes           | 3 4 5 6 9 10 | 10.1
Fighting       | 4 5 6 8 9 |  9.5
Dodging        | 1 2 3 |  3.0
Shields        | 4 5 6 |  6.1
Spellcasting   | 1 2 |  2.0
Armour         | 4 5 6 7 8 |  8.0
Evocations     | 1 2 3 |  3.2
Conjurations   | 1 |  1.4
Fire Magic     | 1 |  1.3

Action                   |  1- 3 |  4- 6 |  7- 9 | 10-12 || total
-------------------------+-------+-------+-------+-------++-------
Melee: War axe           |   110 |   185 |   482 |   130 ||   907
       Kick              |       |    26 |   134 |    43 ||   203
Evoke: Wand              |       |       |    11 |     5 ||    16
  Use: Potion            |     3 |     4 |     4 |     2 ||    13
       Scroll            |     4 |     6 |     6 |     5 ||    21
  Eat: Chunk             |       |     4 |     8 |     3 ||    15
       Beef jerky        |       |     1 |     1 |       ||     2
       Pizza             |       |     1 |       |       ||     1
       Fruit             |       |       |     3 |     1 ||     4
       Bread ration      |       |       |     2 |       ||     2
Armor: Scale mail        |    49 |    13 |       |    24 ||    86
       Ring mail         |       |    33 |   127 |    16 ||   176
Dodge: Dodged            |    28 |    47 |   128 |    32 ||   235
Block: Shield            |    65 |   123 |   332 |    77 ||   597
